 Dungeon Crawl Stone Soup version 0.29.0-4-gdea44cf6ec (webtiles) character file.

Game seed: 14641400914513059607

54 qw the Chopper (level 4, -3/35 HPs)
             Began as a Formicid Cinder Acolyte on Sept 4, 2022.
             Was a High Priest of Ignis.
             Killed by divine providence
             ... invoked by an orc priest
              (14 damage)
             ... on level 3 of the Dungeon.
             The game lasted 00:00:39 (1792 turns).

qw the Chopper (Formicid Cinder Acolyte)            Turns: 1792, Time: 00:00:40

Health: -3/35      AC: 14    Str: 20    XL:     4   Next: 12%
Magic:  5/5        EV: 10    Int: 14    God:    Ignis [*****.]
Gold:   109        SH:  0    Dex:  9    Spells: 5/5 levels left

rFire   + + .      SeeInvis +   Y - +0 hand axe (flame)
rCold   + . .      Faith    .   (no shield)
rNeg    . . .      Spirit   .   d - +0 ring mail
rPois   .          Reflect  .   (helmet unavailable)
rElec   .          Harm     .   e - +1 cloak
rCorr   .          Rampage  .   (no gloves)
Will    .....                   (no boots)
Stlth   ..........              c - amulet of the acrobat
HPRegen 0.11/turn               j - ring of protection from cold
MPRegen 0.09/turn               p - ring of protection from fire

@: fiery-armoured
A: permanent stasis, dig shafts and tunnels, antennae 3, four strong arms
a: Dig, Shaft Self, Renounce Religion, Fiery Armour, Foxfire Swarm, Rising Flame


You were on level 3 of the Dungeon.
You worshipped Ignis.
Ignis was extremely pleased with you.
You visited 1 branch of the dungeon, and saw 3 of its levels.

You collected 109 gold pieces.


Innate Abilities, Weirdness & Mutations

You cannot be hasted, slowed, berserked, paralysed or teleported.
You can dig through walls and to a lower floor.
You have a pair of large antennae on your head. (SInv)
Your four strong arms can wield two-handed weapons with a shield.


   Skills:
 - Level 3.2 Fighting
 + Level 4.1 Axes
 - Level 1.0 Throwing
 - Level 1.0 Armour
 - Level 0.9 Dodging
 - Level 1.1 Spellcasting
 - Level 3.0 Fire Magic


You had 5 spell levels left.
You didn't know any spells.
Your spell library contained the following spells:

 Spells                   Type           Power      Damage    Failure   Level
 Scorch                   Fire           18%        2d6       19%         2

Inventory:

Hand Weapons
 Y - a +0 hand axe of flaming (weapon)
Missiles
 m - 2 javelins (quivered)
Armour
 d - a +0 ring mail (worn)
 e - a +1 cloak (worn)
Jewellery
 c - an amulet of the acrobat (around neck)
 j - a ring of protection from cold (left hand)
 p - a ring of protection from fire (right hand)
Scrolls
 f - a scroll of identify
Potions
 b - a potion of heal wounds
 h - 3 potions of curing
 i - a potion of mutation
 k - a potion of might {unknown}
 l - a potion of degeneration {unknown}
 r - a potion of resistance {unknown}

Dungeon Overview and Level Annotations

Branches:
Dungeon (3/15)

Altars:
Yredelemnul

Shops:
D:2 (


Message History

The orc barely misses you.
You hit the orc. You burn the orc.
The orc is severely wounded.
The orc hits you but does no damage.
You hit the orc. You burn the orc.
You kill the orc!
You hit the rat. You burn the rat.
You kill the rat!
Your Throwing skill increases to level 1!
You hit the giant cockroach but do no damage.
The giant cockroach bites you but does no damage.
You barely miss the giant cockroach.
The giant cockroach bites you but does no damage.
The giant cockroach barely misses you.
You barely miss the orc priest.
You hit the giant cockroach but do no damage.
The orc priest barely misses you.
You hit the orc priest but do no damage.
You closely miss the giant cockroach. The orc priest barely misses you.
The giant cockroach bites you but does no damage.
You hit the orc priest but do no damage.
You hit the giant cockroach but do no damage.
You hit the giant cockroach. You burn the giant cockroach.
You kill the giant cockroach!
The giant cockroach bites you.
The orc priest invokes the aid of Beogh against you.
Beogh smites you! The giant cockroach closely misses you.
You barely miss the orc priest. You hit the giant cockroach.
You burn the giant cockroach.
You kill the giant cockroach!
The orc priest invokes the aid of Beogh against you.
Beogh smites you!
1791 ||| INVOKING Fiery Armour.
A protective cloak of flame settles atop you.
The orc priest miscasts a cantrip.
You hit the orc priest but do no damage.
The orc priest mumbles some strange prayers to Beogh against you.
Beogh smites you!
You die...

.................>.#
##..###.##.........#
#..#.........#
##.#.........#
#...?.........
##...##########
###...# ###.########
#@%....... {
#)o....... {
.o..............
.....##.........
.... #.....#### (.B
#.###... .. ..# ##.#
. ... .. ...


You could see an orc priest.

Vanquished Creatures
  2 dart slugs
  An orc (D:3)
  3 ball pythons
  5 bats
  3 endoplasms
  3 giant cockroaches
  3 goblins
  6 hobgoblins
  2 jackals (D:2)
  2 kobolds
  4 quokkas
  5 frilled lizards
  4 rats
43 creatures vanquished.

Vanquished Creatures (others)
  2 demonic plants (D:1)
  2 fungi (D:1)
  5 plants
  A withered plant (D:1)
10 creatures vanquished.

Grand Total: 53 creatures vanquished

Notes
Turn   | Place    | Note
-------+----------+-------------------------------------------
     0 | D:1      | qw the Formicid Cinder Acolyte began the quest for the Orb.
     0 | D:1      | Reached XP level 1. HP: 18/18 MP: 2/2
     0 | D:1      | 0 ||| qw: Version: 0.1-a-103-gd6f5d3a
     0 | D:1      | 0 ||| qw: Game counter: 5584
     0 | D:1      | 0 ||| qw: Always use a shield: true
     0 | D:1      | 0 ||| qw: God list: Okawaru
     0 | D:1      | 0 ||| qw: Allow faded altars: false
     0 | D:1      | 0 ||| qw: Do Orc after D:15 true
     0 | D:1      | 0 ||| qw: Do second Lair branch before Depths: true
     0 | D:1      | 0 ||| qw: Lair rune preference: random
     0 | D:1      | 0 ||| qw: Plans: Normal
     0 | D:1      | 0 ||| PLANNING D:1-11
    63 | D:1      | 63 ||| Stepping ~*~*~tactically~*~*~ (hiding).
   260 | D:1      | 260 ||| Stepping ~*~*~tactically~*~*~ (stealth).
   268 | D:1      | Reached XP level 2. HP: 16/24 MP: 3/3
   395 | D:1      | Found a faded altar of an unknown god.
   428 | D:1      | 428 ||| Stepping ~*~*~tactically~*~*~ (stealth).
   713 | D:1      | Reached skill level 4 in Axes
   713 | D:1      | Reached XP level 3. HP: 24/29 MP: 4/4
   899 | D:1      | 899 ||| Stepping ~*~*~tactically~*~*~ (stealth).
  1030 | D:1      | 1030 ||| UPGRADING to +0 ring mail.
  1040 | D:1      | 1040 ||| DROPPING +0 robe.
  1041 | D:1      | 1041 ||| UPGRADING to +0 cloak.
  1046 | D:1      | 1046 ||| UPGRADING to ring of protection from cold.
  1047 | D:1      | 1047 ||| READING scroll labelled TULOIZ PAIXOMA.
  1188 | D:1      | 1188 ||| READING 3 scrolls labelled ROISTONAOC.
  1189 | D:1      | 1189 ||| READING scroll labelled ALO FUMIMOETENK.
  1190 | D:1      | 1190 ||| READING scroll labelled EVUSIRCH XEFOI.
  1191 | D:1      | 1191 ||| READING 2 scrolls of identify.
  1191 | D:1      | 1191 ||| IDENTIFYING glowing red potion
  1209 | D:2      | 1209 ||| FLEEEEING.
  1355 | D:2      | Reached skill level 1 in Armour
  1473 | D:2      | Found Ysauxaon's Weapon Shop.
  1553 | D:2      | Found a basalt altar of Yredelemnul.
  1624 | D:2      | Reached XP level 4. HP: 35/35 MP: 5/5
  1718 | D:2      | 1718 ||| UPGRADING to amulet of the acrobat.
  1723 | D:2      | 1723 ||| UPGRADING to ring of protection from fire.
  1724 | D:2      | 1724 ||| READING scroll labelled GEICVA WOGOX.
  1725 | D:2      | 1725 ||| READING scroll labelled QAOSYMAI ULESHOA.
  1726 | D:2      | 1726 ||| READING scroll labelled IMOZUFELOSS.
  1727 | D:2      | 1727 ||| READING 2 scrolls labelled BAESEI LANI.
  1728 | D:2      | 1728 ||| READING scroll of enchant armour.
  1728 | D:2      | 1728 ||| ENCHANTING +0 cloak.
  1729 | D:2      | 1729 ||| DRINKING 4 pink potions.
  1730 | D:2      | 1730 ||| READING 3 scrolls of identify.
  1730 | D:2      | 1730 ||| IDENTIFYING sedimented emerald potion
  1731 | D:2      | 1731 ||| READING 2 scrolls of identify.
  1731 | D:2      | 1731 ||| IDENTIFYING golden potion
  1732 | D:2      | 1732 ||| DROPPING potion of magic.
  1780 | D:3      | 1780 ||| Stepping ~*~*~tactically~*~*~ (hiding).
  1785 | D:3      | Reached skill level 1 in Throwing
  1791 | D:3      | 1791 ||| INVOKING Fiery Armour.
  1792 | D:3      | Killed from afar by an orc priest

Levels and vault maps discovered:
D:1:      minmay_arrival_nine_rooms, layout_rooms, shapermc_ecumenical_altar_gd
D:2:      layout_basic, basic_altar, serial_shops, nicolae_shop_crystal,
          serial_bayou_ford_a
D:3:      layout_rooms, mainiacjoe_overflow_six_doors_small

Skill      XL: |  1  2  3  4 |
---------------+-------------+-----
Axes           | 4 |  4.1
Armour         | 1 |  1.0
Throwing       | 1 |  1.0
Fighting       | |  3.2
Dodging        | |  0.9
Spellcasting   | |  1.1
Fire Magic     | |  3.0

Action                   |  1- 3 |  4- 6 || total
-------------------------+-------+-------++-------
Melee: Hand axe          |    78 |    10 ||    88
Throw: Javelin           |     6 |     2 ||     8
Invok: Fiery Armour      |       |     1 ||     1
  Use: Scroll            |     5 |     7 ||    12
       Potion            |       |     1 ||     1
Armor: Robe              |    11 |       ||    11
       Ring mail         |    10 |     4 ||    14
Dodge: Dodged            |    24 |     5 ||    29

Table legend:
 A = Non-vault XP
 B = Vault XP
 C = Vault XP percentage of total XP
 D = Non-vault monster count
 E = Vault monster count
 F = Vault count percentage of total count
                 A         B        C        D         E       F
            +---------+---------+-------+---------+---------+-------
      Total |      78 |       0 |   0.0 |      43 |       0 |   0.0
            +---------+---------+-------+---------+---------+-------
        D:1 |      41 |       0 |   0.0 |      23 |       0 |   0.0
        D:2 |      29 |       0 |   0.0 |      16 |       0 |   0.0
        D:3 |       8 |       0 |   0.0 |       4 |       0 |   0.0
            +---------+---------+-------+---------+---------+-------
